[Event "42nd Olympiad Baku 2016 Women"]
[Site "Baku"]
[Date "2016.09.08"]
[Round "6.26"]
[White "Acevedo Mendez, Lisseth"]
[Black "Roy, Ali"]
[Result "1/2-1/2"]
[ECO "C01"]
[WhiteElo "1857"]
[BlackElo "1894"]
[Annotator ""]
[PlyCount "138"]
[EventDate "2016.??.??"]
[EventType "team-tourn"]
[EventCountry "AZE"]
[SourceTitle "playchess.com"]
[Source "ChessBase"]
[WhiteTeam "Costa Rica"]
[BlackTeam "Scotland"]
[WhiteTeamCountry "CRI"]
[BlackTeamCountry "SCO"]
[TimeControl "40/5400+30:1800+30"]

1. e4 {(00:00} e6 {(00:00} 2. d4 {(00:00} d5 {(
00:00} 3. exd5 {(00:00} exd5 {(00:00} 4. Bd3 {(00:20}
Bd6 {(00:15} 5. Nc3 {(01:22} c6 {(01:01} 6. Be3 {
(01:23} Nf6 {(00:25} 7. Qd2 {(00:28} O-O {(02:
36} 8. Nge2 {(01:38} Nbd7 {(03:12} 9. O-O-O {(03:49}
b6 {(02:13} 10. Bf4 {(01:20} Qc7 {(02:14} 11. f3 {
(00:53} a5 {(03:54} 12. Bxd6 {(02:31} Qxd6 {(00:
08} 13. Qf4 {(01:52} Qxf4+ {(02:22} 14. Nxf4 {(00:04}
Bb7 {(00:46} 15. Rhe1 {(01:31} Rfe8 {(01:31} 16. Bf5 {
(05:15} g6 {(06:40} 17. Bh3 {(03:19} Rad8 {(05:
51} 18. Nd3 {(10:28} Nf8 {(13:06} 19. Na4 {(05:01}
N6d7 {(06:59} 20. Ne5 {(08:47} Nxe5 {(02:19} 21. dxe5 {
(00:15} b5 {(01:19} 22. Nc5 {(01:06} Bc8 {(01:
12} 23. Bxc8 {(03:45} Rxc8 {(00:05} 24. Rd3 {(03:45}
Rc7 {(08:06} 25. Ra3 {(04:52} a4 {(03:12} 26. Rc3 {
(03:12} Ne6 {(02:11} 27. Na6 {(08:30} Rce7 {(19:
00} 28. Nb4 {(07:53} Nd8 {(03:15} 29. Nxc6 {(04:05}
Nxc6 {(00:21} 30. Rxc6 {(00:05} Rxe5 {(00:07} 31. Rxe5
{(00:04} Rxe5 {(00:05} 32. Kd2 {(00:17} d4 {(03:
12} 33. Rd6 {(01:06} Rg5 {(01:26} 34. g4 {(01:03} h5 {
(01:29} 35. Rxd4 {(02:48} hxg4 {(03:13} 36. fxg4 {
(00:11} Rc5 {(00:31} 37. Kd3 {(04:33} Kg7 {(00:
37} 38. c3 {(05:22} Kf6 {(00:37} 39. c4 {(02:50} Ke5 {
(03:19} 40. b4 {(00:00} axb3 {(00:00} 41. axb3 {
(02:26} bxc4+ {(02:26} 42. bxc4 {(05:02} Ra5 {(
06:49} 43. Re4+ {(01:19} Kd6 {(00:56} 44. Kd4 {(02:43}
Ra1 {(02:57} 45. Rf4 {(03:16} Rd1+ {(01:26} 46. Kc3 {
(00:49} Rg1 {(02:42} 47. Rxf7 {(06:54} Rxg4 {(
00:10} 48. Rg7 {(00:09} Kc5 {(02:09} 49. Rc7+ {(02:03}
Kb6 {(01:52} 50. Re7 {(00:57} Rg2 {(02:25} 51. Rg7 {
(03:56} Kc5 {(02:37} 52. Rc7+ {(01:42} Kd6 {(01:
44} 53. Ra7 {(00:47} Rxh2 {(01:42} 54. Ra6+ {(00:04}
Kc5 {(00:06} 55. Ra5+ {(00:26} Kc6 {(00:44} 56. Rg5 {
(00:02} Rh1 {(00:55} 57. Rxg6+ {(00:07} Kc5 {(
00:08} 58. Rg5+ {(00:04} Kc6 {(00:10} 59. Kb4 {(05:37}
Rb1+ {(00:11} 60. Ka4 {(00:07} Ra1+ {(00:19} 61. Kb3 {
(00:02} Rb1+ {(00:09} 62. Kc2 {(00:15} Rh1 {(00:
19} 63. Rf5 {(00:15} Rh3 {(00:33} 64. Rg5 {(00:10} Rh4
{(02:31} 65. Kc3 {(00:25} Rh1 {(00:04} 66. Rg2 {
(01:20} Kc5 {(00:10} 67. Rd2 {(00:29} Rc1+ {(00:
21} 68. Rc2 {(02:04} Rxc2+ {(00:05} 69. Kxc2 {(00:04}
Kxc4 {(00:04} 1/2-1/2

[Event "42nd Olympiad Baku 2016 Women"]
[Site "Baku"]
[Date "2016.09.08"]
[Round "6.26"]
[White "Adhin, Anviti"]
[Black "Hoshino, Karen"]
[Result "1/2-1/2"]
[ECO "A22"]
[WhiteElo "1616"]
[BlackElo "1802"]
[Annotator ""]
[PlyCount "81"]
[EventDate "2016.??.??"]
[EventType "team-tourn"]
[EventCountry "AZE"]
[SourceTitle "playchess.com"]
[Source "ChessBase"]
[WhiteTeam "Surinam"]
[BlackTeam "Japan"]
[WhiteTeamCountry "SUR"]
[BlackTeamCountry "JPN"]
[TimeControl "40/5400+30:1800+30"]

1. c4 {(00:00} e5 {(00:00} 2. Nc3 {(00:00} Nf6 {
(00:00} 3. g3 {(00:05} d5 {(00:00} 4. cxd5 {(00:
16} Nxd5 {(00:00} 5. Bg2 {(00:35} Nb6 {(00:08} 6. d3 {
(00:53} Be7 {(00:14} 7. Nf3 {(00:36} Nc6 {(00:
26} 8. O-O {(01:23} O-O {(00:18} 9. a3 {(03:39} Be6 {
(00:21} 10. b4 {(00:41} a5 {(00:27} 11. b5 {(01:
09} Nd4 {(00:29} 12. Rb1 {(11:13} f6 {(05:28} 13. a4 {
(03:09} Qc8 {(04:09} 14. Nxd4 {(10:02} exd4 {(
00:12} 15. Ne4 {(00:37} Rd8 {(10:39} 16. Qc2 {(04:52}
Bd5 {(11:12} 17. Bf4 {(09:08} Qe6 {(14:49} 18. Rfe1 {
(20:40} Rac8 {(11:29} 19. Bd2 {(06:39} Ra8 {(03:
25} 20. Bf4 {(02:54} h6 {(06:56} 21. Bc1 {(06:26} f5 {
(04:27} 22. Nd2 {(03:13} Bxg2 {(04:53} 23. Kxg2 {
(00:03} Qd5+ {(02:56} 24. Kg1 {(02:30} Bd6 {(02:
11} 25. Ra1 {(04:28} Rf8 {(05:56} 26. Qb3 {(04:20} Bb4
{(00:43} 27. Rd1 {(02:00} Rfe8 {(02:01} 28. Qxd5+ {
(00:23} Nxd5 {(00:01} 29. Kf1 {(00:34} Rxe2 {(
03:52} 30. Kxe2 {(01:20} Nc3+ {(00:01} 31. Kf1 {(00:58]
} Nxd1 {(00:05} 32. Nb3 {(00:32} Re8 {(02:07} 33. Bd2 {
(00:34} Bxd2 {(00:58} 34. Nxd2 {(00:02} Nc3 {(
00:23} 35. Nb3 {(00:20} b6 {(02:30} 36. Nxd4 {(00:24}
Rd8 {(00:14} 37. Nxf5 {(00:43} Rxd3 {(00:02} 38. Ne3 {
(01:01} Ne4 {(01:37} 39. Rc1 {(00:31} Nc5 {(00:
02} 40. Rc4 {(00:00} Kf7 {(00:00} 41. Ke2 {(01:27}
1/2-1/2

[Event "42nd Olympiad Baku 2016 Women"]
[Site "Baku"]
[Date "2016.09.08"]
[Round "6.7"]
[White "Alaoui Belghiti, Chaimaa"]
[Black "Khan, Nazrana"]
[Result "0-1"]
[ECO "A18"]
[WhiteElo "1654"]
[BlackElo "1965"]
[Annotator ""]
[PlyCount "104"]
[EventDate "2016.??.??"]
[EventType "team-tourn"]
[EventCountry "AZE"]
[SourceTitle "playchess.com"]
[Source "ChessBase"]
[WhiteTeam "Morocco"]
[BlackTeam "Bangladesh"]
[WhiteTeamCountry "MAR"]
[BlackTeamCountry "BAN"]
[TimeControl "40/5400+30:1800+30"]

1. c4 {(00:00} Nf6 {(00:00} 2. Nc3 {(00:00} e6 {
(01:42} 3. e4 {(00:29} Bb4 {(01:40} 4. e5 {(00:
57} Ng8 {(01:06} 5. Qg4 {(01:21} Bf8 {(04:02} 6. d4 {
(02:40} d5 {(06:27} 7. c5 {(09:45} c6 {(01:52}
8. Bd3 {(01:39} Ne7 {(04:31} 9. Bg5 {(03:19} b5 {
(03:54} 10. a3 {(05:02} a5 {(01:53} 11. Nh3 {(
01:19} Qc7 {(05:19} 12. Nf4 {(17:50} Ng6 {(07:40} 13.
O-O {(08:01} Nxf4 {(07:21} 14. Bxf4 {(01:56} g6 {
(00:40} 15. Rfe1 {(03:39} Bg7 {(02:39} 16. h4 {(
03:15} h5 {(03:08} 17. Qg3 {(00:55} Ba6 {(08:04} 18.
Bc2 {(04:52} O-O {(02:44} 19. Qe3 {(05:10} Re8 {
(05:17} 20. Bg5 {(03:21} Nd7 {(03:07} 21. Ne2 {(
02:24} Nf8 {(03:28} 22. Ng3 {(03:14} Nh7 {(03:16} 23.
Bh6 {(01:38} Qe7 {(02:50} 24. Bg5 {(05:45} Nxg5 {
(06:48} 25. hxg5 {(00:05} Ra7 {(02:07} 26. Qf4 {
(00:44} b4 {(01:34} 27. Re3 {(04:16} Rb8 {(03:
42} 28. a4 {(01:56} b3 {(00:57} 29. Bd3 {(04:33} Bxd3
{(01:19} 30. Rxd3 {(00:05} Rb4 {(00:22} 31. Ra3 {
(01:46} Rab7 {(02:03} 32. Qe3 {(00:15} Qd8 {(01:
08} 33. f4 {(01:31} Qb8 {(00:32} 34. Ne2 {(00:14} Rc4
{(01:30} 35. Rdxb3 {(02:16} Rbb4 {(00:28} 36. Kh2 {
(00:43} Rc2 {(01:09} 37. Kg1 {(00:37} Rxb2 {(00:
47} 38. Nc1 {(00:36} Rb1 {(01:08} 39. Rxb1 {(00:45}
Rxb1 {(00:12} 40. Kh2 {(00:00} Qb2 {(00:00} 41. Rc3 {
(04:33} Bf8 {(06:09} 42. Nb3 {(01:52} Qa2 {(03:
55} 43. Nxa5 {(03:21} Rb2 {(04:12} 44. Qf3 {(07:26}
Rf2 {(02:55} 45. Qh3 {(10:00} Qd2 {(03:35} 46. Nxc6 {
(01:40} Rxf4 {(04:15} 47. Rf3 {(01:30} Re4 {(02:
01} 48. Nd8 {(02:09} Qxd4 {(01:51} 49. Nxe6 {(00:49}
Qxe5+ {(01:06} 50. Qg3 {(02:14} Qxe6 {(01:45} 51. Rf6 {
(00:15} Qc8 {(01:28} 52. Qf3 {(00:25} Bxc5 {(00:
53} 0-1

[Event "42nd Olympiad Baku 2016 Women"]
[Site "Baku"]
[Date "2016.09.08"]
[Round "6.9"]
[White "Alattar, Ghayda M"]
[Black "Francis, Onkemetse"]
[Result "0-1"]
[ECO "C13"]
[WhiteElo "1964"]
[BlackElo "1777"]
[Annotator ""]
[PlyCount "116"]
[EventDate "2016.??.??"]
[EventType "team-tourn"]
[EventCountry "AZE"]
[SourceTitle "playchess.com"]
[Source "ChessBase"]
[WhiteTeam "Jordan"]
[BlackTeam "Botswana"]
[WhiteTeamCountry "JOR"]
[BlackTeamCountry "BOT"]
[TimeControl "40/5400+30:1800+30"]

1. d4 {(00:00} d5 {(00:00} 2. Nc3 {(00:00} Nf6 {
(00:58} 3. Bg5 {(00:00} e6 {(00:07} 4. e4 {(00:
00} Be7 {(00:21} 5. e5 {(00:34} Nfd7 {(00:07} 6. h4 {
(01:36} c5 {(00:07} 7. Nf3 {(21:40} a6 {(00:34}
8. dxc5 {(02:59} Nxc5 {(02:34} 9. Bxe7 {(11:17} Qxe7 {
(02:14} 10. Qd4 {(04:17} Nc6 {(08:02} 11. Qe3 {(
03:24} Nd7 {(14:43} 12. O-O-O {(03:05} b5 {(08:29} 13.
h5 {(06:19} h6 {(01:28} 14. Rh3 {(00:29} Qc5 {(
06:08} 15. Qe1 {(13:31} Bb7 {(05:43} 16. Rg3 {(01:38}
Rg8 {(01:44} 17. Kb1 {(03:55} O-O-O {(00:29} 18. Bd3 {
(01:09} Nb6 {(02:42} 19. Bh7 {(05:01} Rh8 {(02:
18} 20. Rxg7 {(01:23} Qf8 {(00:21} 21. Rg4 {(02:40}
Rxh7 {(00:34} 22. a4 {(01:45} b4 {(03:14} 23. a5 {
(02:54} bxc3 {(05:16} 24. axb6 {(00:07} cxb2 {(
00:23} 25. Qc3 {(00:55} Kb8 {(01:44} 26. Ra4 {(03:02}
Rc8 {(00:41} 27. Nd2 {(01:11} Rh8 {(07:03} 28. Qxb2 {
(00:43} Qc5 {(01:09} 29. f4 {(01:06} Qb5 {(02:
26} 30. Ra3 {(01:02} Qxb2+ {(00:27} 31. Kxb2 {(00:00}
Nd4 {(00:31} 32. Rc1 {(02:17} Rhg8 {(00:39} 33. g3 {
(04:05} Rc6 {(01:33} 34. Rd3 {(01:17} Rxb6+ {(
00:55} 35. Ka2 {(00:01} Nc6 {(01:55} 36. c3 {(00:13}
Rc8 {(01:29} 37. Nb3 {(00:32} Ka7 {(04:56} 38. g4 {
(00:16} d4 {(00:27} 39. Nxd4 {(00:33} Nxd4 {(00:
13} 40. Rxd4 {(00:00} Bd5+ {(00:00} 41. c4 {(00:58}
Rc5 {(02:46} 42. Rc3 {(00:35} Ra5+ {(06:04} 43. Ra3 {
(01:20} Rxa3+ {(00:08} 44. Kxa3 {(00:01} Bf3 {(
00:09} 45. f5 {(08:15} exf5 {(00:39} 46. gxf5 {(00:01}
Bxh5 {(00:21} 47. Rh4 {(05:18} Bd1 {(03:30} 48. Rd4 {
(03:04} Bc2 {(02:07} 49. c5 {(07:57} Rb7 {(02:
17} 50. c6 {(00:38} Rc7 {(00:30} 51. Rd6 {(06:42} Bxf5
{(00:44} 52. Rxh6 {(00:07} Be6 {(00:19} 53. Rh2 {
(00:54} Rxc6 {(00:05} 54. Re2 {(00:16} Rb6 {(00:
56} 55. Re1 {(01:06} Rb5 {(00:08} 56. Re2 {(00:41} Kb6
{(00:06} 57. Ka4 {(00:13} Kc5 {(00:36} 58. Ka3 {
(00:11} Kd4 {(00:22} 0-1

[Event "42nd Olympiad Baku 2016 Women"]
[Site "Baku"]
[Date "2016.09.08"]
[Round "6.12"]
[White "Al-Fayyadh, Zainab Asif Abdulah"]
[Black "Kremer, Nadine"]
[Result "0-1"]
[ECO "B02"]
[WhiteElo "1703"]
[BlackElo "1844"]
[Annotator ""]
[PlyCount "48"]
[EventDate "2016.??.??"]
[EventType "team-tourn"]
[EventCountry "AZE"]
[SourceTitle "playchess.com"]
[Source "ChessBase"]
[WhiteTeam "Iraq"]
[BlackTeam "Luxembourg"]
[WhiteTeamCountry "IRQ"]
[BlackTeamCountry "LUX"]
[TimeControl "40/5400+30:1800+30"]

1. e4 {(00:00} Nf6 {(00:00} 2. Nc3 {(00:00} d5 {
(00:00} 3. exd5 {(00:00} Nxd5 {(00:00} 4. Bc4 {(
00:13} Nb6 {(01:11} 5. Bb3 {(00:10} Nc6 {(00:20} 6.
Nge2 {(03:47} e5 {(07:52} 7. d3 {(04:28} Bg4 {(
08:49} 8. Be3 {(12:08} Nd4 {(06:47} 9. Bxd4 {(09:56}
exd4 {(00:26} 10. Ne4 {(01:37} f5 {(08:15} 11. f3 {
(10:46} Bxf3 {(03:32} 12. gxf3 {(00:51} fxe4 {(
00:06} 13. fxe4 {(01:33} Qh4+ {(03:21} 14. Ng3 {(02:38]
} Bb4+ {(02:38} 15. Kf2 {(07:26} g6 {(10:38} 16. Kg2 {
(07:38} O-O-O {(02:21} 17. Be6+ {(02:41} Kb8 {(
00:19} 18. Qg4 {(01:21} Qe7 {(10:28} 19. a3 {(10:28}
h5 {(10:53} 20. Qd1 {(13:40} Bd6 {(07:13} 21. Bh3 {
(00:50} Qg5 {(00:13} 22. Kf1 {(03:23} Rdf8+ {(
08:37] Nxh5 gxh5+} 23. Bf5 {(02:16} Rxf5+ {(01:48} 24. exf5 {
(00:13} Qxf5+ {(00:05} 0-1

[Event "42nd Olympiad Baku 2016 Women"]
[Site "Baku"]
[Date "2016.09.08"]
[Round "6.4"]
[White "Aliaga Fernandez, Ingrid Y"]
[Black "Hauksdottir, Hrund"]
[Result "1-0"]
[ECO "D05"]
[WhiteElo "2096"]
[BlackElo "1793"]
[Annotator ""]
[PlyCount "45"]
[EventDate "2016.??.??"]
[EventType "team-tourn"]
[EventCountry "AZE"]
[SourceTitle "playchess.com"]
[Source "ChessBase"]
[WhiteTeam "Peru"]
[BlackTeam "Iceland"]
[WhiteTeamCountry "PER"]
[BlackTeamCountry "ISL"]
[TimeControl "40/5400+30:1800+30"]

1. d4 {(00:03} d5 {(00:00} 2. Nf3 {(00:07} Nf6 {
(00:00} 3. e3 {(00:25} e6 {(02:07} 4. Bd3 {(00:
46} Nbd7 {(01:33} 5. b3 {(09:52} Bd6 {(03:24} 6. Bb2 {
(00:06} O-O {(03:30} 7. Nbd2 {(00:41} b6 {(06:
22} 8. O-O {(03:32} Bb7 {(04:09} 9. c4 {(03:47} Ne4 {
(10:31} 10. Rc1 {(05:01} f5 {(18:04} 11. Rc2 {(
15:53} Qf6 {(06:57} 12. c5 {(01:56} Nxd2 {(12:38} 13.
Qxd2 {(03:13} bxc5 {(03:08} 14. dxc5 {(00:06} Ne5 {
(02:43} 15. Ne1 {(20:05} d4 {(17:13} 16. cxd6 {(
00:51} Qg6 {(04:00} 17. f3 {(02:41} dxe3 {(01:09} 18.
Qxe3 {(00:16} cxd6 {(00:15} 19. Bxe5 {(00:16} dxe5 {
(00:08} 20. Qxe5 {(00:09} Rad8 {(01:00} 21. Bc4 {
(00:25} Kh8 {(00:42} 22. Re2 {(00:27} Rfe8 {(00:
26} 23. Nd3 {(00:31} 1-0

[Event "42nd Olympiad Baku 2016 Women"]
[Site "Baku"]
[Date "2016.09.08"]
[Round "6.29"]
[White "Al-khelaifi, Aisha"]
[Black "Milligan, Helen"]
[Result "0-1"]
[ECO "C29"]
[WhiteElo "1685"]
[BlackElo "2040"]
[Annotator ""]
[PlyCount "126"]
[EventDate "2016.??.??"]
[EventType "team-tourn"]
[EventCountry "AZE"]
[SourceTitle "playchess.com"]
[Source "ChessBase"]
[WhiteTeam "Qatar"]
[BlackTeam "New Zealand"]
[WhiteTeamCountry "QAT"]
[BlackTeamCountry "NZL"]
[TimeControl "40/5400+30:1800+30"]

1. e4 {(00:00} e5 {(00:00} 2. Nc3 {(00:00} Nf6 {
(00:04} 3. f4 {(00:07} d5 {(00:55} 4. fxe5 {(00:
35} Nxe4 {(01:04} 5. Qf3 {(00:41} f5 {(02:07} 6. d3 {
(07:47} Nxc3 {(03:08} 7. bxc3 {(00:07} d4 {(03:
21} 8. Bb2 {(04:00} Nc6 {(04:27} 9. Qg3 {(18:05} Qd5 {
(20:25} 10. Ne2 {(12:39} Qxe5 {(13:41} 11. Qxe5+ {
(01:04} Nxe5 {(00:06} 12. Nxd4 {(00:47} Bd7 {(
01:45} 13. Be2 {(01:07} O-O-O {(00:45} 14. O-O-O {(08:
02} Bd6 {(01:57} 15. h3 {(04:17} Rhe8 {(02:35} 16.
Rhf1 {(02:27} g6 {(00:29} 17. Nf3 {(01:11} Nc4 {
(03:11} 18. dxc4 {(03:13} Rxe2 {(00:14} 19. Ng5 {
(01:20} Rxg2 {(03:41} 20. Nxh7 {(06:21} Ba4 {(
04:09} 21. Rd4 {(07:18} Bc5 {(05:06} 22. Rxd8+ {(03:55]
} Kxd8 {(00:06} 23. Nf6 {(00:37} Rxc2+ {(07:27} 24. Kb1
{(00:32} Re2 {(00:45} 25. Nd5 {(01:37} Bd6 {(05:
10} 26. Bc1 {(05:42} c6 {(01:19} 27. Nf4 {(03:38} Bxf4
{(01:10} 28. Bxf4 {(00:09} c5 {(02:25} 29. Rg1 {
(02:35} Re6 {(01:11} 30. Bb8 {(02:10} a6 {(01:
05} 31. Rg3 {(01:15} Kc8 {(01:31} 32. Bf4 {(00:31} Kd7
{(01:05} 33. Rd3+ {(00:55} Kc6 {(01:47} 34. Kb2 {
(00:31} b5 {(00:48} 35. cxb5+ {(00:55} Bxb5 {(
00:30} 36. Rd8 {(00:15} Bc4 {(01:09} 37. Rd2 {(00:41}
Bd5 {(01:39} 38. h4 {(00:32} Re4 {(00:47} 39. Bg5 {
(00:03} Ra4 {(00:54} 40. a3 {(00:00} f4 {(00:00]
} 41. Rc2 {(04:19} f3 {(03:16} 42. Rf2 {(01:39} Rg4 {
(00:14} 43. Kc2 {(02:55} Kb5 {(01:52} 44. Rd2 {(
06:54} Kc4 {(03:41} 45. Rf2 {(03:01} Rg1 {(00:56} 46.
Kb2 {(03:14} Be4 {(00:37} 47. Be3 {(09:43} Rb1+ {
(01:42} 48. Ka2 {(00:20} Re1 {(01:22} 49. Bd2 {(
01:36} Rh1 {(01:33} 50. Kb2 {(02:40} Rxh4 {(01:33} 51.
a4 {(00:26} Rh1 {(00:42} 52. Be3 {(00:48} Re1 {(
01:14} 53. Bd2 {(00:23} Re2 {(03:42} 54. Rxe2 {(00:21}
fxe2 {(00:05} 55. Be1 {(00:03} Kd3 {(00:47} 56. Kb3 {
(00:57} Bd5+ {(00:48} 57. Kb2 {(00:13} Bc4 {(00:
28} 58. a5 {(00:12} g5 {(01:38} 59. Kc1 {(00:13} Bb3 {
(00:57} 60. Kb2 {(00:21} Bd1 {(00:22} 61. Kc1 {(
00:31} g4 {(01:53} 62. Kb2 {(01:24} Ke3 {(00:14} 63.
Kc1 {(00:20} Kf3 {(00:26} 0-1

[Event "42nd Olympiad Baku 2016 Women"]
[Site "Baku"]
[Date "2016.09.08"]
[Round "6.31"]
[White "Al-Khelaifi, Kholoud"]
[Black "Song, Kate"]
[Result "0-1"]
[ECO "D35"]
[WhiteElo "1492"]
[BlackElo "1681"]
[Annotator ""]
[PlyCount "90"]
[EventDate "2016.??.??"]
[EventType "team-tourn"]
[EventCountry "AZE"]
[SourceTitle "playchess.com"]
[Source "ChessBase"]
[WhiteTeam "Qatar"]
[BlackTeam "New Zealand"]
[WhiteTeamCountry "QAT"]
[BlackTeamCountry "NZL"]
[TimeControl "40/5400+30:1800+30"]

1. d4 {(00:00} d5 {(00:00} 2. c4 {(00:00} e6 {(
00:00} 3. Nc3 {(00:00} Nf6 {(00:00} 4. cxd5 {(00:24}
exd5 {(00:00} 5. Bg5 {(00:15} Be7 {(00:00} 6. e3 {
(00:29} O-O {(00:08} 7. Bd3 {(00:32} h6 {(00:58]
} 8. Bxf6 {(01:22} Bxf6 {(00:11} 9. Qc2 {(00:16} Re8 {
(02:27} 10. O-O-O {(02:59} b6 {(02:46} 11. Nf3 {
(01:46} Bb7 {(00:52} 12. g4 {(03:50} c6 {(04:14]
} 13. h4 Nd7 {(07:23} 14. Rdg1 {(07:53} g6 {(01:56} 15.
g5 {(01:16} hxg5 {(00:10} 16. hxg5 {(00:14} Bg7 {
(00:07} 17. Rh3 {(12:17} Nf8 {(01:11} 18. Rgh1 {
(16:00} c5 {(05:34} 19. Qd1 {(04:10} cxd4 {(04:
50} 20. exd4 {(03:38} Qd6 {(02:46} 21. Kb1 {(06:08} a5
{(08:26} 22. R1h2 {(01:41} Ne6 {(03:38} 23. Qh1 {
(26:24} Kf8 {(00:25} 24. Nb5 {(03:13} Qd8 {(01:
25} 25. Qc1 {(05:11} Rc8 {(01:34} 26. Qd2 {(00:06} Nc7
{(08:41} 27. Be2 {(01:21} Nxb5 {(02:04} 28. Bxb5 {
(00:03} Bc6 {(00:15} 29. Bd3 {(01:48} Qd6 {(01:
43} 30. Bc2 {(00:25} Bb5 {(01:19} 31. Ng1 {(00:39} Bd7
{(02:00} 32. Rg3 {(00:23} Re6 {(03:42} 33. f4 {(
00:09} Rce8 {(00:47} 34. Nf3 {(00:11} Bb5 {(02:41} 35.
Ne5 {(00:23} Bxe5 {(00:37} 36. dxe5 {(00:11} Qc5 {
(00:55} 37. Bd3 {(01:57} Bxd3+ {(01:01} 38. Qxd3 {
(00:02} Rc8 {(00:21} 39. Rh8+ {(00:27} Ke7 {(02:
32} 40. Rxc8 {(00:00} Qxc8 {(00:00} 41. Qxd5 {(00:08}
Rc6 {(00:28} 42. Rg1 {(00:59} Qe6 {(01:20} 43. Qd3 {
(01:57} Qc4 {(00:42} 44. Qf3 {(03:20} Qc2+ {(00:
14} 45. Ka1 {(04:46} Qc1+ 0-1

[Event "42nd Olympiad Baku 2016 Women"]
[Site "Baku"]
[Date "2016.09.08"]
[Round "6.3"]
[White "Al-Mahmoud, Rola"]
[Black "Park, Sunwoo"]
[Result "1-0"]
[ECO "C00"]
[WhiteElo "1684"]
[BlackElo "1626"]
[Annotator ""]
[PlyCount "43"]
[EventDate "2016.??.??"]
[EventType "team-tourn"]
[EventCountry "AZE"]
[SourceTitle "playchess.com"]
[Source "ChessBase"]
[WhiteTeam "Syria"]
[BlackTeam "Korea"]
[WhiteTeamCountry "SYR"]
[BlackTeamCountry "KOR"]
[TimeControl "40/5400+30:1800+30"]

1. e4 {(00:00} e6 {(00:00} 2. d3 {(00:00} d5 {(
02:27} 3. Nd2 {(00:00} Nf6 {(07:02} 4. g3 {(00:48} c5
{(02:51} 5. Bg2 {(02:32} Nc6 {(04:26} 6. Ngf3 {(
01:04} Bd6 {(01:21} 7. Qe2 {(05:35} Bc7 {(05:03} 8. c3
{(01:18} O-O {(01:37} 9. O-O {(00:33} b6 {(10:
42} 10. Re1 {(06:32} Ba6 {(07:21} 11. Ng5 {(15:13} Rb8
{(16:29} 12. f4 {(11:19} e5 {(05:29} 13. exd5 {(
03:25} Nxd5 {(00:35} 14. Qe4 {(00:21} Nf6 {(05:49} 15.
Qxc6 {(00:58} Bb7 {(05:46} 16. Qa4 {(00:56} Bxg2 {
(02:19} 17. Kxg2 {(00:22} exf4 {(00:49} 18. gxf4 {
(11:16} b5 {(02:33} 19. Qc2 {(03:14} Nd5 {(08:
14} 20. Ndf3 {(03:49} Bxf4 {(02:39} 21. d4 {(02:18}
cxd4 {(03:17} 22. Qxh7# {(00:10} 1-0

[Event "42nd Olympiad Baku 2016 Women"]
[Site "Baku"]
[Date "2016.09.08"]
[Round "6.25"]
[White "Arakhamia-Grant, Ketevan"]
[Black "Rodriguez Arrieta, Maria Elena"]
[Result "1-0"]
[ECO "C88"]
[WhiteElo "2381"]
[BlackElo "1903"]
[Annotator ""]
[PlyCount "111"]
[EventDate "2016.??.??"]
[EventType "team-tourn"]
[EventCountry "AZE"]
[SourceTitle "playchess.com"]
[Source "ChessBase"]
[WhiteTeam "Scotland"]
[BlackTeam "Costa Rica"]
[WhiteTeamCountry "SCO"]
[BlackTeamCountry "CRI"]
[TimeControl "40/5400+30:1800+30"]

1. e4 {(00:00} e5 {(00:00} 2. Nf3 {(00:00} Nc6 {
(00:00} 3. Bb5 {(00:00} a6 {(00:00} 4. Ba4 {(00:
00} Nf6 {(00:00} 5. O-O {(00:07} b5 {(00:33} 6. Bb3 {
(00:05} Be7 {(00:04} 7. Re1 {(02:30} O-O {(00:
33} 8. d3 {(00:24} d6 {(01:15} 9. a4 {(00:17} Bd7 {
(03:39} 10. c3 {(00:28} Na5 {(00:16} 11. Bc2 {(
00:24} c5 {(00:17} 12. Nbd2 {(00:38} Re8 {(00:42} 13.
axb5 {(02:35} axb5 {(00:15} 14. Nf1 {(00:31} h6 {
(01:55} 15. Ng3 {(00:34} Nc6 {(02:55} 16. Bd2 {(
02:44} Bf8 {(01:38} 17. Bb3 {(01:52} Bg4 {(07:14} 18.
Rxa8 {(05:14} Qxa8 {(00:07} 19. h3 {(00:15} Be6 {
(01:27} 20. Bxe6 {(12:44} Rxe6 {(01:14} 21. Qb3 {
(14:37} Re8 {(02:58} 22. Nf5 {(02:12} Rb8 {(05:
15} 23. Qc2 {(01:24} Rc8 {(05:14} 24. Qc1 {(07:09} Qa5
{(05:49} 25. d4 {(22:26} cxd4 {(05:38} 26. cxd4 {
(00:21} Qd8 {(00:08} 27. Qd1 {(01:28} exd4 {(04:
03} 28. N3xd4 {(06:11} Nxd4 {(00:07} 29. Nxd4 {(00:04}
Rc4 {(00:47} 30. Nxb5 {(06:19} Rxe4 {(00:26} 31. Bc3 {
(04:00} Rxe1+ {(03:25} 32. Qxe1 {(00:07} Qb6 {(
05:06} 33. Qe2 {(00:45} Nd5 {(02:11} 34. Bd4 {(00:22}
Qc6 {(00:27} 35. g3 {(00:58} Nc7 {(01:26} 36. Nxc7 {
(03:57} Qxc7 {(00:12} 37. b4 {(00:17} Qb8 {(09:
55} 38. b5 {(00:16} d5 {(00:40} 39. b6 {(00:54} Bd6 {
(00:39} 40. Kg2 {(00:00} Qb7 {(00:00} 41. Qe8+ {
(03:19} Kh7 {(02:19} 42. h4 {(10:01} f6 {(03:25]
} 43. h5 {(13:10} Be5 {(01:13} 44. Qa4 {(00:31} Bxd4 {
(00:53} 45. Qxd4 {(00:06} Qa6 {(03:28} 46. Qb4 {
(01:42} Qb7 {(00:19} 47. Kg1 {(01:13} f5 {(04:
25} 48. Qd6 {(01:24} Qa6 {(00:46} 49. Qb4 {(03:23} Qb7
{(01:28} 50. Qd4 {(00:07} Qc6 {(00:38} 51. Kg2 {
(00:15} Qb5 {(01:38} 52. Kf3 {(01:05} g5 {(02:
33} 53. Qf6 {(01:40} Qd3+ {(00:34} 54. Kg2 {(00:03}
Qe4+ {(00:10} 55. Kh2 {(00:05} Qf3 {(01:08} 56. Qg6+ {
(00:18} 1-0